 Dungeon Crawl Stone Soup version 0.32-a0-5-gbffa963729 (webtiles) character file.

Game seed: 12162263486190994130

139 shadizar the Magician (level 5, 0/40 HPs)
             Began as a Djinni Air Elementalist on Jan 13, 2024.
             Slain by an iron imp (8 damage)
             ... summoned by Eustachio
             ... on level 4 of the Dungeon.
             The game lasted 00:04:41 (2568 turns).

shadizar the Magician (Djinni Air Elementalist)     Turns: 2568, Time: 00:04:42

Health: 0/40       AC:  3    Str:  7    XL:     5   Next: 46%
Gold:   141        EV: 12    Int: 18    God:
                   SH:  0    Dex: 14

rFire   + + .        b - +0 dagger
rCold   x . .        (no shield)
rNeg    . . .        a - +0 robe
rPois   ∞            (no helmet)
rElec   .            o - +0 cloak
rCorr   .            (no gloves)
SInv    .            (boots unavailable)
Will    .....        (no amulet)
Stlth   ++           (no ring)
HPRegen 0.26/turn    (no ring)
MPRegen 0.00/turn

%: infuse magic (-1 HP)
@: flying, very slightly contaminated
A: sickness immunity, fire resistance 2, cold vulnerability 1, float, innate
caster, HP casting, extra vitality 1
a: no special abilities


You were on level 4 of the Dungeon.
You visited 1 branch of the dungeon, and saw 4 of its levels.

You collected 141 gold pieces.

Inventory:

Hand Weapons
 b - a +0 dagger (weapon)
Armour
 a - a +0 robe (worn)
 o - a +0 cloak (worn)
Scrolls
 e - 2 scrolls of teleportation {unknown}
 f - 2 scrolls of poison {unknown}
 i - 2 scrolls of identify {unknown}
 j - a scroll of vulnerability {unknown}
 l - 2 scrolls of immolation {unknown}
 m - a scroll of revelation {unknown}
Potions
 c - a potion of lignification {unknown}
 d - a potion of enlightenment {unknown}
 g - a potion of mutation {unknown}
 h - 2 potions of heal wounds {unknown}
 k - a potion of might {unknown}
 n - a potion of brilliance {unknown}
 p - a potion of curing {unknown}


   Skills:
 + Level 3.3 Fighting
 - Level 2.1 Dodging
 - Level 1.5 Stealth
 + Level 4.1 Spellcasting
 + Level 4.1 Conjurations
 + Level 4.1 Hexes
 + Level 4.1 Summonings
 + Level 4.1 Necromancy
 + Level 4.1 Translocations
 + Level 4.1 Fire Magic
 + Level 4.1 Ice Magic
 + Level 4.1 Air Magic
 + Level 4.1 Earth Magic
 + Level 4.1 Alchemy


You knew the following spells:

 Your Spells              Type           Power      Damage    Failure   Level
a - Shock                 Conj/Air       72%        1d7       2%          1
b - Static Discharge      Conj/Air       36%        3-5/arc   4%          2
c - Swiftness             Air            18%        N/A       9%          3
d - Airstrike             Air            9%         2d(2-18)  26%         4
e - Magic Dart            Conj           72%        1d6       2%          1
f - Ensorcelled Hibernat  Hex/Ice        36%        N/A       4%          2
Your spell library was empty.

Dungeon Overview and Level Annotations

Branches:
Dungeon (4/15)
 Temple: D:4-7

Altars:
Qazlal

Shops:
D:1 (   D:4 :

Annotations:
D:4 Eustachio


Innate Abilities, Weirdness & Mutations

You are immune to sickness and miasma.
You are immune to poison.
Your flesh is very heat resistant. (rF++)
You are vulnerable to cold. (rC-)
You float through the air rather than walking.
You learn spells naturally, not from books.
Your magical power is your life essence.
You have superior vitality. (+4 MHP)


Message History

Eustachio is heavily wounded.
The iron imp hits you!
* * * LOW HITPOINT WARNING * * *
Unknown command.
Unknown command.
Unknown command.
Unknown command.
Casting: Shock (safe; 2% risk of failure)
Confirm with . or Enter, or press ? or * to list all spells.
Aiming: Shock (safe; 2% risk of failure)
Press: ? - help, Shift-Dir - straight line, f/p - Eustachio
Aim: Eustachio, wielding a +2 rapier of flaming and wearing a +0 leather armour (heavily wounded, 60% to hit)
The zap hits the iron imp.
The iron imp resists.
The iron imp is moderately wounded.
The zap hits Eustachio.
Eustachio is heavily wounded.
* * * LOW HITPOINT WARNING * * *
The iron imp closely misses you.
Casting: Shock (safe; 2% risk of failure)
Confirm with . or Enter, or press ? or * to list all spells.
Aiming: Shock (safe; 2% risk of failure)
Press: ? - help, Shift-Dir - straight line, f/p - Eustachio
Aim: Eustachio, wielding a +2 rapier of flaming and wearing a +0 leather armour (heavily wounded, 60% to hit)
The zap hits the iron imp.
The iron imp resists.
The iron imp is moderately wounded.
The zap misses Eustachio.
* * * LOW HITPOINT WARNING * * *
The iron imp misses you.
Eustachio gestures wildly while chanting.
Unknown command.
Unknown command.
Unknown command.
Eustachio mumbles some strange words.
Eustachio blinks!
You hit Eustachio.
Eustachio is heavily wounded.
Eustachio gestures wildly while chanting.
Eustachio blinks!
The iron imp attacks as it pursues you! The iron imp hits you!
You die...

######## ###.....<#
.....###.# ###..###.##
##..#....# #
#.....#..#############
#.##...........@5†.).)...
#......##########'###+###
####.#### #..#r@.....
#....# #.. ....... #....#
+.. ###+### ##...# #..
###.#### #.. #......# +##
#..###.#.


You could see Eustachio, an iron imp (summoned) and a rat (summoned).

Vanquished Creatures
  3 gnolls (D:4)
  2 adders (D:3)
  An adder skeleton (D:2)
  2 ribbon worms
  7 orcs
  13 bats
  6 endoplasms
  4 goblins
  6 hobgoblins
  2 quokkas
  5 ball pythons
  A ball python zombie (D:2)
  6 frilled lizards
  12 kobolds
  6 rats
76 creatures vanquished.

Notes
Turn   | Place    | Note
-------+----------+-------------------------------------------
     0 | D:1      | shadizar the Djinni Air Elementalist began the quest for
                  | the Orb.
     0 | D:1      | shadizar set off with the following spells memorised:
                  | Shock, Static Discharge, Swiftness, Airstrike.
     0 | D:1      | Reached XP level 1. HP: 15/15 MP: 0/0
    25 | D:1      | Found Kaehylix's Antique Weapon Emporium.
    32 | D:1      | Reached XP level 2. HP: 7/22 MP: 0/0
   131 | D:1      | Reached skill level 1 in Fighting
   320 | D:1      | Reached XP level 3. HP: 26/27 MP: 0/0
   320 | D:1      | Learned a level 1 spell: Magic Dart
  1123 | D:2      | Reached XP level 4. HP: 32/33 MP: 0/0
  1782 | D:3      | Found a stormy altar of Qazlal.
  2072 | D:3      | Reached XP level 5. HP: 35/40 MP: 0/0
  2072 | D:3      | Learned a level 2 spell: Ensorcelled Hibernation
  2406 | D:4      | Found Jotruqal's Vocational Training.
  2552 | D:4      | Noticed Eustachio
  2568 | D:4      | Slain by an iron imp

Illustrated notes

Levels and vault maps discovered:
D:1:      saegor_arrival_miasma, layout_basic, serial_shops,
          nicolae_shop_statue_plus, corexii_corridor_pit, minmay_pentomino_w4
D:2:      layout_loops_corners, serial_undead, serial_undead_c, serial_undead_c,
          serial_undead_b, serial_undead_b
D:3:      layout_loops_ring, mainiacjoe_overflow_surrounded_room,
          minmay_misc_feat_diagonals
D:4:      layout_loops_cross, mainiacjoe_overflow_24_doors,
          nicolae_hepliaklqana_hippocampus, serial_shops,
          nicolae_shop_gibbet_a_chance, minivault_1, nicolae_shop_vocational,
          uniq_eustachio, uniq_menkaure

Skill      XL: |  1  2  3  4  5 |
---------------+----------------+-----
Fighting       | 1 2 3 |  3.3
Spellcasting   | 4 |  4.1
Conjurations   | 4 |  4.1
Hexes          | 4 |  4.1
Summonings     | 4 |  4.1
Necromancy     | 4 |  4.1
Translocations | 4 |  4.1
Fire Magic     | 4 |  4.1
Ice Magic      | 4 |  4.1
Air Magic      | 4 |  4.1
Earth Magic    | 4 |  4.1
Alchemy        | 4 |  4.1
Dodging        | |  2.1
Stealth        | |  1.5

Action                     |  1- 3 |  4- 6 || total
---------------------------+-------+-------++-------
  Melee: Dagger            |     1 |     2 ||     3
   Cast: Shock             |    69 |    81 ||   150
 Armour: Robe              |    23 |    10 ||    33
  Dodge: Dodged            |    26 |    11 ||    37

Table legend: (Time is in decaauts)
 A = Elapsed time spent in this place.
 B = Non-inter-level travel time spent in this place.
 C = Inter-level travel time spent in this place.
 D = Time resting spent in this place.
 E = Time spent auto-exploring this place.
 F = Levels seen in this place.
 G = Mean time per level.
                   A        B        C        D        E       F      G
               +--------+--------+--------+--------+--------+-----+--------+
         Total |   2566 |   2506 |     60 |      0 |   2153 |   4 |  641.5 |
       Dungeon |   2566 |   2506 |     60 |      0 |   2153 |   4 |  641.5 |
               +--------+--------+--------+--------+--------+-----+--------+

Top non-repeatable levels by time:
     D:2: 812 daAuts
     D:1: 742 daAuts
     D:3: 729 daAuts
     D:4: 281 daAuts
